← All builds
Tech / Armada / Economy first / OBSERVED BUILD

Standard tech

Armada Tech (Eco) build order · Supreme Isthmus

Rushes T2 by 4:15, gets Advanced Metal Extractor around 5:28, hands off T2 constructors to Geo and the team, then scales eco and supplies the team's T2 needs through the rest of the game.

Usually first T2 con to Geo (83%)

#eco #t2 #team support · 1591 distinct matches · 254 players · 60% of Armada Tech games · team won 53% of 1901 · Recently observed

HOW TO PLAY IT

Key timing: T2 factory by 4:15

  1. Open 3 mex and heavy wind to fund a fast T2 rush.
  2. Put down Bot Lab, planning to eat it for reclaim soon after.
  3. Get Advanced Bot Lab up, hitting the T2 factory rush timing.
  4. Upgrade mex to Advanced Metal Extractor to lock in team metal income.
  5. Eat Advanced Bot Lab and keep sending cons to Geo and Pond.

Phase by phase

TYPICAL OF ITS 1591 GAMES
  1. 1
  2. 2
  3. 3
  4. 4
PLAY THE OPENING

Follow the example game's first 6:00 step by step: what to build now, what comes next, and where it goes. At 1× it keeps pace with your own game.

  1. 1

    Up to the Bot Lab

    Economy
    • Metal Extractor3Mex
    • Wind Turbine4Wind
    Order
    1. Bot LabBot Lab after 3 mex, 4 winddone ~1:18, middle half 1:13–1:32

    Some games also: energy storage (31%)

    By 1:01 in all: 3 mex · 4 wind

    The example game in this phase · 4 steps
    1. Mex ×3
    2. Wind ×6
    3. Energy storage
    4. Bot LabBot Labdone 1:44 · typical 1:18
  2. 2

    Bot Lab to Advanced Bot Lab

    Economy
    • Metal Extractor1Mex
    • Wind Turbine8Wind
    • Energy Storage1Energy storage
    Order
    1. Advanced Bot LabAdvanced Bot Lab after 4 mex, 12 wind, 3 con turretdone ~4:16, middle half 4:04–4:30
    Builders
    • Construction Turret3 Con turret
    • Lazarus3 Lazarus
    • Construction Bot2 Con bot
    • Construction Bot1 Con bot for allies

    Some games also: converter (36%)

    By 3:18 in all: 4 mex · 12 wind · 1 energy storage · 3 con turret

    The example game in this phase · 3 steps
    1. Construction BotCon bot
    2. LazarusLazarus
    3. Advanced Bot LabAdvanced Bot Labnot finished by 15:00 · typical 4:16
  3. 3

    Advanced Bot Lab to 5:00

    Economy
    • Wind Turbine3Wind
    Order
    1. Bot LabEat Bot Lab
    Builders
    • Advanced Construction Bot1 T2 con bot for allies

    Some games also: converter (35%)

    By 5:00 in all: 4 mex · 15 wind · 1 converter · 1 energy storage · 3 con turret

    The example game in this phase · 16 steps
    1. Con turret
    2. LazarusLazarus
    3. Construction BotCon botfor Air
    4. Wind
    5. Mex
    6. Wind
    7. Con turret ×2
    8. Wind
    9. Energy storage
    10. Wind ×3
    11. Advanced Bot LabAdvanced Bot Labdone 4:01
    12. Bot LabEat Bot Labreclaimed for its metal
    13. Advanced Construction BotT2 con botfor Geo
    14. SharpshooterSniper botfor Ponddone 4:36
    15. Advanced Metal ExtractorT2 mexdone 4:58 · typical 5:28
    16. SharpshooterSniper botfor Pond
  4. 4

    5:00 to 10:00

    Economy
    • Wind Turbine43Wind
    • Energy Converter6Converter
    Builders
    • Butler9 Butler
    • Advanced Construction Bot4 T2 con bot for allies
    • Advanced Construction Bot1 T2 con bot

    Some games also: con turret (43%) · Butler for allies (37%)

    By 10:00 in all: 4 mex · 58 wind · 8 converter · 1 energy storage · 3 con turret

    The example game in this phase · 262 steps
    1. Advanced Construction BotT2 con botfor Air
    2. Advanced Metal ExtractorT2 mex ×2
    3. Advanced Construction BotT2 con botfor Geo sea
    4. ButlerButler ×2
    5. Advanced Metal ExtractorT2 mex
    6. ButlerButler
    7. Advanced Construction BotT2 con bot
    8. SprinterSprinter
    9. SprinterSprinter ×3for Suicide front
    10. Wind
    11. SprinterSprinterfor Suicide front
    12. Wind
    13. SprinterSprinterfor Suicide front
    14. Wind
    15. SprinterSprinterfor Suicide front
    16. Wind ×2
    17. SprinterSprinterfor Suicide front
    18. Wind
    19. SprinterSprinterfor Suicide front
    20. Wind
    21. SprinterSprinterfor Suicide front
    22. Wind ×2
    23. SprinterSprinterfor Suicide front
    24. Wind
    25. SprinterSprinterfor Suicide front
    26. Converter
    27. Wind
    28. SprinterSprinter
    29. Wind
    30. Converter
    31. Advanced Construction BotT2 con botfor Suicide front
    32. Wind ×2
    33. ButlerButler
    34. Converter
    35. Wind
    36. ButlerButler
    37. Wind ×2
    38. ButlerButler
    39. Converter
    40. Wind
    41. Advanced Construction BotT2 con botfor Beach sea
    42. Wind
    43. Converter
    44. Wind
    45. ButlerButler
    46. Wind
    47. Converter
    48. Wind
    49. ButlerButler
    50. Wind
    51. ButlerButler
    52. Wind ×2
    53. ButlerButler
    54. Converter
    55. Wind
    56. ButlerButler
    57. Converter
    58. Wind
    59. ButlerButler
    60. Wind
    61. Advanced Construction BotT2 con botfor Pond
    62. Converter
    63. Wind
    64. Advanced Construction BotT2 con bot
    65. Converter
    66. Wind ×2
    67. Converter
    68. Wind ×2
    69. Converter
    70. UmbrellaAnti-nukedone 10:35
    71. Wind
    72. Converter
    73. Wind ×2
    74. Converter
    75. Fusion ReactorFusiondone 12:38
    76. Wind
    77. Converter
    78. Wind ×2
    79. Converter
    80. Wind ×4
    81. Converter
    82. Wind ×4
    83. Converter
    84. Wind ×6
    85. Converter
    86. Wind ×4
    87. Converter
    88. Wind ×5
    89. Converter
    90. Wind ×4
    91. Converter
    92. Metal storage
    93. Wind ×3
    94. Converter
    95. Wind ×6
    96. Converter
    97. Wind ×5
    98. Converter
    99. Wind ×3
    100. Con turret
    101. Wind ×3
    102. Converter
    103. Wind ×4
    104. Converter
    105. Wind ×5
    106. Converter
    107. Wind ×4
    108. Con turret
    109. Advanced Bot LabEat Advanced Bot Labreclaimed for its metal
    110. Con turret
    111. Wind ×2
    112. Converter
    113. Wind ×3
    114. Vehicle PlantVehicle Plantdone 12:27
    115. Wind
    116. Converter
    117. Wind ×5
    118. Converter
    119. Wind ×5
    120. Converter
    121. Wind
    122. BlitzBlitz
    123. Wind
    124. Vehicle PlantVehicle Plantdone 12:41
    125. Wind ×2
    126. BlitzBlitz
    127. Wind
    128. Converter
    129. Wind ×4
    130. Converter
    131. Wind
    132. BlitzBlitz ×2
    133. Wind ×2
    134. BlitzBlitz
    135. Con turret
    136. Wind
    137. BlitzBlitz
    138. Wind ×2
    139. Converter
    140. Con turret
    141. Wind ×4
    142. Con turret
    143. BlitzBlitz
    144. Converter
    145. BlitzBlitz
    146. Wind ×4
    147. BlitzBlitz
    148. Wind
    149. BlitzBlitz ×2
    150. Converter
    151. Wind
    152. BlitzBlitz
    153. Wind
    154. BlitzBlitz
    155. Wind
    156. BlitzBlitz ×2
    157. Wind
    158. Con turret
    159. Wind
    160. BlitzBlitz
    161. Wind
    162. Converter
    163. Con turret
    164. Wind ×3
    165. BlitzBlitz
    166. Con turret
    167. Wind
    168. Converter
    169. Wind ×2
    170. BlitzBlitz ×2
    171. Wind ×2
    172. BlitzBlitz ×2
    173. Converter
    174. Wind
    175. BlitzBlitz ×2
    176. Wind ×2
    177. BlitzBlitz ×2
    178. Wind
    179. BlitzBlitz
    180. Wind ×2
    181. BlitzBlitz
    182. Converter
    183. Wind
    184. BlitzBlitz
    185. Wind ×2
    186. BlitzBlitz
    187. Wind
    188. BlitzBlitz
    189. Wind ×2
    190. BlitzBlitz
    191. Converter
    192. Wind
    193. BlitzBlitz
    194. Wind ×2
    195. BlitzBlitz
    196. Wind
    197. BlitzBlitz
    198. Wind ×2
    199. BlitzBlitz
    200. Converter
    201. BlitzBlitz
    202. Wind ×3
    203. T2 converter
    204. BlitzBlitz ×2
    205. Wind ×2
    206. Converter
    207. Wind
    208. BlitzBlitz ×2
    209. Wind ×3
    210. BlitzBlitz
    211. Converter
    212. Wind
    213. BlitzBlitz
    214. Wind ×2
    215. BlitzBlitz
    216. Wind ×2
    217. BlitzBlitz
    218. Converter
    219. Wind
    220. BlitzBlitz
    221. Wind ×2
    222. BlitzBlitz
    223. Wind
    224. BlitzBlitz
    225. Converter
    226. HerringMissile corvette
    227. BlitzBlitz
    228. Wind ×2
    229. BlitzBlitz ×2
    230. Wind ×2
    231. Converter
    232. Wind
    233. BlitzBlitz ×2
    234. Wind ×2
    235. RiptideFrigatedone 14:50
    236. BlitzBlitz ×2
    237. Wind ×3
    238. Converter
    239. BlitzBlitz
    240. Wind
    241. BlitzBlitz
    242. Wind ×2
    243. BlitzBlitz
    244. Converter
    245. Wind ×2
    246. BlitzBlitz ×2
    247. Wind ×3
    248. BlitzBlitz
    249. Converter
    250. BlitzBlitz
    251. Wind ×2
    252. BlitzBlitz
    253. OppressorDestroyernot finished by 15:00
    254. Wind
    255. BlitzBlitz ×2
    256. Wind
    257. Converter
    258. Wind
    259. BlitzBlitz
    260. Wind
    261. BlitzBlitz
    262. Wind ×2

Counts are medians over the build's games: half of them build more, half fewer. The example game is heart_attack's (33 OS, 13/10/2026); pick another.

Team trades

IN AT LEAST 30% OF ITS GAMES

You hand over

  • Construction Bot1 Con bot to Airfirst at 2:23 · in 84% of games
  • Advanced Construction Bot5 T2 con bot to Air or Pond or Geo seafirst at 4:50 · in 99% of games
  • Butler2 Butler to Geo sea or Beach sea or Pondfirst at 9:06 · in 42% of games

You get

  • Hercules1 Light transport from Airfirst at 4:01 · in 86% of games

How it plays out

Typical game of this build, running totals by minute

Metal produced

020k40k
0:005:0010:0015:00

metal

Enemy metal destroyed

050100150
0:005:0010:0015:00

metal

Own metal lost

050100150
0:005:0010:0015:00

metal

1901 games.

Show as table
ByMetal produced: This buildEnemy metal destroyed: This buildOwn metal lost: This build
1:0038300
2:0091500
3:00165200
4:00314400
5:00484800
6:00580200
7:00723000
8:00906500
9:001117900
10:001352400
11:001624200
12:001965200
13:002342800
14:0027285074
15:0031507115130
WHAT THE NUMBERS SAY

Standard Tech play barely fights at all early, instead pouring metal into T2 infrastructure and constructors for the team.

  • + Metal produced hits 31679 by 15:00, by far the highest of any role here.
  • + T2 factory reached in 97% of games by 4:15, fastest and most reliable T2 timing.
  • − Enemy metal destroyed stays at 0 through 10:00, no early offense at all.
  • − Own metal lost also near 0, showing total avoidance of combat risk.
THE EXAMPLE YOU ARE READING

heart_attack

33.0 OS · 13/10/2026

Open source match ↗

27 received units · includes a constructor
3873 metal received · 240912 energy received

Allied construction assistance is unknown. Timings are observations, not a promise of solo reproducibility.

Typical milestones

Bot Lab1:18Middle 50%: 1:13–1:32 · n=1901
Advanced Bot Lab4:16Middle 50%: 4:04–4:30 · n=1894
Advanced Metal Extractor5:28Middle 50%: 5:05–5:59 · n=1897

Played most by

Amrissa97games of this buildTheGeneraI70games of this buildAdeus57games of this buildEl_Turco55games of this buildKOT_45games of this build